 Dungeon Crawl Stone Soup version 0.31-a0-692-gf03d1854d5 (webtiles) character file.

Game seed: 3628674318596208791

60 qw the Shooter (level 4, 0/28 HPs)
             Began as a Gargoyle Hunter on Sept 6, 2023.
             Slain by a gnoll
             ... wielding a +0 spear
              (5 damage)
             ... on level 2 of the Dungeon.
             The game lasted 00:00:31 (984 turns).

qw the Shooter (Gargoyle Hunter)                     Turns: 984, Time: 00:00:31

Health: 0/28       AC:  7    Str: 14    XL:     4   Next: 4%
Magic:  4/4        EV: 11    Int: 10    God:
Gold:   39         SH:  0    Dex: 15    Spells: 3/3 levels left

rFire   . . .        Y - +1 shortbow
rCold   . . .        (shield currently unavailable)
rNeg    + . .        c - +0 leather armour
rPois   inf          (no helmet)
rElec   +            (no cloak)
rCorr   .            (no gloves)
SInv    .            g - +0 pair of boots
Will    .....        (no amulet)
Stlth   ++           (no ring)
HPRegen 0.24/turn    (no ring)
MPRegen 0.09/turn

%: no passive effects
@: about to teleport
A: sickness immunity, AC +3, negative energy resistance 1, electricity
resistance, torment resistance 1, petrification resistance
a: no special abilities


You were on level 2 of the Dungeon.
You visited 1 branch of the dungeon, and saw 2 of its levels.

You collected 39 gold pieces.


Innate Abilities, Weirdness & Mutations

You are immune to sickness and miasma.
Your stone body is resilient. (AC +3)
You are immune to poison.
You resist negative energy. (rN+)
You are resistant to electric shocks. (rElec)
You are resistant to unholy torment.
You are immune to petrification.


   Skills:
 - Level 3.0 Fighting
 + Level 5.1 Ranged Weapons
 - Level 1.5 Dodging
 - Level 1.1 Stealth


You had 3 spell levels left.
You didn't know any spells.
Your spell library was empty.

Inventory:

Hand Weapons
 Y - a +1 shortbow (weapon)
Armour
 b - a +0 ring mail
 c - a +0 leather armour (worn)
 g - a +0 pair of boots (worn)
Scrolls
 a - a scroll of identify

Dungeon Overview and Level Annotations

Branches:
Dungeon (2/15)

Altars:

Shops:
D:1 *[!


Message History

You shoot an arrow. The arrow barely misses the gnoll.
The arrow hits the orc.
The orc is moderately wounded.
The gnoll hits you but does no damage.
You shoot an arrow. The arrow hits the gnoll.
The gnoll is severely wounded.
The gnoll barely misses you.
You shoot an arrow. The arrow hits the gnoll.
The gnoll is severely wounded.
The gnoll hits you from afar with a +0 spear.
The orc closely misses you. The gnoll completely misses you.
You shoot an arrow. The arrow closely misses the orc.
The adder bites you but does no damage. The gnoll misses you.
The orc hits you but does no damage. The adder bites you.
You shoot an arrow. The arrow barely misses the orc.
The adder bites you. The gnoll closely misses you. The orc closely misses you.
You shoot an arrow. The arrow barely misses the orc.
The adder misses you. The gnoll hits you but does no damage.
The orc hits you but does no damage. The adder closely misses you.
You shoot an arrow. The arrow hits the orc!
You kill the orc!
The gnoll closely misses you. The adder bites you.
You shoot an arrow. The arrow barely misses the adder.
The adder misses you. The gnoll misses you.
The adder bites you but does no damage.
The gnoll hits you from afar with a +0 spear.
You shoot an arrow. The arrow hits the adder.
The adder is heavily wounded.
The adder barely misses you. The gnoll hits you but does no damage.
The adder bites you but does no damage.
You shoot an arrow. The arrow misses the adder.
The adder barely misses you. The gnoll barely misses you.
You shoot an arrow. The arrow closely misses the adder.
The adder bites you but does no damage.
The gnoll hits you from afar with a +0 spear.
The adder bites you but does no damage.
984 ||| READING scroll of teleportation.
As you read the scroll of teleportation, it crumbles to dust.
You feel strangely unstable.
The gnoll hits you from afar with a +0 spear.
You die...

## ##### ###########.
##...###.....##....
...#.#.....#............
#....)@................
#[....S................
#.##.g..................
#%...................
#.####................
..# #................
... #................ ..
#................
...###...##.####


You could see a gnoll and an adder.

Vanquished Creatures
  3 dart slugs (D:1)
  An orc (D:2)
  3 ball pythons
  3 bats
  6 endoplasms
  2 goblins (D:1)
  3 hobgoblins
  8 jackals (D:2)
  6 kobolds
  2 quokkas (D:2)
  3 frilled lizards
  5 rats
45 creatures vanquished.

Notes
Turn   | Place    | Note
-------+----------+-------------------------------------------
     0 | D:1      | qw the Gargoyle Hunter began the quest for the Orb.
     0 | D:1      | Reached XP level 1. HP: 12/12 MP: 1/1
     0 | D:1      | 0 ||| qw: Version: 0.3-a-76-g4403597
     0 | D:1      | 0 ||| qw: Game counter: 324
     0 | D:1      | 0 ||| qw: Melee chars always use a shield: true
     0 | D:1      | 0 ||| qw: God list: Okawaru
     0 | D:1      | 0 ||| qw: Allow faded altars: false
     0 | D:1      | 0 ||| qw: Do Orc after clearing Dungeon:15 true
     0 | D:1      | 0 ||| qw: Do second Lair branch before Depths: true
     0 | D:1      | 0 ||| qw: Lair rune preference: random
     0 | D:1      | 0 ||| qw: Goals: Normal
     0 | D:1      | 0 ||| PLANNING D:1-11
     3 | D:1      | Noticed an electric eel
     4 | D:1      | Noticed an electric eel
   185 | D:1      | Reached XP level 2. HP: 17/17 MP: 2/2
   209 | D:1      | Found Amaoq's Antique Armour Boutique.
   216 | D:1      | 216 ||| SHOPLISTING +3 pair of mountain boots {steadfast,
                  | rC+} (603 gold, have 2).
   216 | D:1      | 216 ||| SHOPLISTING cloak (81 gold, have 2).
   216 | D:1      | 216 ||| SHOPLISTING ring mail (72 gold, have 2).
   216 | D:1      | 216 ||| SHOPLISTING runed leather armour (90 gold, have 2).
   378 | D:1      | Reached XP level 3. HP: 21/21 MP: 3/3
   425 | D:1      | Found Boceoq's Distillery.
   434 | D:1      | 434 ||| SHOPLISTING 2 potions of curing (84 gold, have 11).
   434 | D:1      | 434 ||| SHOPLISTING potion of curing (42 gold, have 11).
   434 | D:1      | 434 ||| SHOPLISTING potion of enlightenment (70 gold, have
                  | 11).
   434 | D:1      | 434 ||| SHOPLISTING potion of might (56 gold, have 11).
   434 | D:1      | 434 ||| SHOPLISTING potion of mutation (112 gold, have 11).
   456 | D:1      | Reached skill level 5 in Ranged Weapons
   609 | D:1      | Found Toomew's Assorted Antiques.
   617 | D:1      | 617 ||| SHOPLISTING runed pearl ring (120 gold, have 11).
   617 | D:1      | 617 ||| SHOPLISTING scroll labelled CIQ LOIRUANG (24 gold,
                  | have 11).
   617 | D:1      | 617 ||| SHOPLISTING scroll labelled NAWKAN ULLUN (24 gold,
                  | have 11).
   617 | D:1      | 617 ||| SHOPLISTING scroll labelled PUNGEM PA WASCH (24
                  | gold, have 11).
   617 | D:1      | 617 ||| SHOPLISTING scroll labelled RODDO ITAECIGONAEDGH
                  | (24 gold, have 11).
   665 | D:1      | 665 ||| UPGRADING to +0 pair of boots.
   670 | D:1      | 670 ||| READING scroll labelled HIOREF AMEED.
   687 | D:1      | 687 ||| READING scroll labelled XUSUPI NESHRA.
   688 | D:1      | 688 ||| READING scroll labelled PUNGEM PA WASCH.
   689 | D:1      | 689 ||| READING 2 scrolls labelled QACAENK OGRU.
   693 | D:1      | 693 ||| READING scroll labelled MUR DENAW BEOCW.
   694 | D:1      | 694 ||| READING scroll labelled UXKEL LI ANKYO.
   695 | D:1      | 695 ||| DROPPING scroll of butterflies.
   889 | D:2      | Reached skill level 3 in Fighting
   973 | D:2      | Reached XP level 4. HP: 19/28 MP: 4/4
   983 | D:2      | HP: 5/28 [gnoll/+0 spear (5)]
   984 | D:2      | 984 ||| READING scroll of teleportation.
   984 | D:2      | Slain by a gnoll

Levels and vault maps discovered:
D:1:      arrival_aquarium_b, layout_loops_ring, serial_shops, shop, shop, shop,
          st_stairs_4
D:2:      layout_rooms, minmay_vboxes

Skill      XL: |  1  2  3 |
---------------+----------+-----
Ranged Weapons | 5 |  5.1
Fighting       | 3 |  3.0
Dodging        | |  1.5
Stealth        | |  1.1

Action                     |  1- 3 |  4- 6 || total
---------------------------+-------+-------++-------
   Fire: Shortbow          |   116 |    11 ||   127
    Use: Scroll            |     6 |     1 ||     7
 Armour: Leather armour    |    24 |    17 ||    41
  Dodge: Dodged            |    41 |    14 ||    55

Table legend:
 A = Non-vault XP
 B = Vault XP
 C = Vault XP percentage of total XP
 D = Non-vault monster count
 E = Vault monster count
 F = Vault count percentage of total count
                 A         B        C        D         E       F
            +---------+---------+-------+---------+---------+-------
      Total |      76 |      10 |  11.6 |      41 |       4 |   8.9
            +---------+---------+-------+---------+---------+-------
        D:1 |      36 |       5 |  12.2 |      18 |       2 |  10.0
        D:2 |      40 |       5 |  11.1 |      23 |       2 |   8.0
            +---------+---------+-------+---------+---------+-------
